 Dungeon Crawl Stone Soup version 0.18-a0-1514-g6ed9364 (webtiles) character file.

35 GrosslyIncandescent the Insei (level 3, 0/29 HPs)
             Began as a Mummy Monk on Mar 6, 2016.
             Slain by a gnoll
             ... wielding a +0 spear
              (9 damage)
             ... on level 1 of the Dungeon.
             The game lasted 00:02:38 (1862 turns).

GrosslyIncandescent the Insei (Mummy Monk)          Turns: 1862, Time: 00:02:38

Health: 0/29       AC:  4    Str: 14    XL:     3   Next: 16%
Magic:  3/3        EV: 13    Int:  9    God:
Gold:   61         SH:  0    Dex: 15    Spells: 0 memorised, 2 levels left

rFire  . . .     SeeInvis .       - Unarmed
rCold  + . .     Gourm    .     (no armour)
rNeg   + + +     Faith    .     (no shield)
rPois  ∞         Spirit   .     (no helmet)
rElec  .         Dismiss  .     (no cloak)
rCorr  .         Reflect  .     (no gloves)
SustAt .         Harm     .     (no boots)
MR     .....                    (no amulet)
Stlth  ++........               e - +4 ring of protection
                                b - ring of protection from fire

@: not resistant to hostile enchantments, unstealthy
A: no food or potions, fire vulnerability, cold resistance 1, negative energy
resistance 3, torment resistance, unbreathing
a: no special abilities


You were on level 1 of the Dungeon.
You were not hungry.

You visited 1 branch of the dungeon, and saw 2 of its levels.

You collected 61 gold pieces.


Innate Abilities, Weirdness & Mutations

You do not eat or drink.
Your flesh is vulnerable to fire.
You are immune to poison.
Your flesh is cold resistant.
You are immune to negative energy.
You are immune to unholy pain and torment.
You can survive without breathing.


   Skills:
 - Level 3.0 Fighting
 - Level 2.4 Dodging
 - Level 1.5 Stealth
 + Level 4.2 Unarmed Combat


You had 2 spell levels left.
You didn't know any spells.

Inventory:

Jewellery
 b - a ring of protection from fire (left hand)
 e - a +4 ring of protection (right hand)
 h - an uncursed ring of see invisible {unknown}
Scrolls
 a - a scroll of remove curse {unknown}
 c - 2 scrolls of fog {unknown}
 d - 2 scrolls of enchant weapon {unknown}
 f - a scroll of random uselessness {unknown}
 g - a scroll of identify {unknown}
 i - a scroll of teleportation {unknown}
 j - a scroll of recharging {unknown}

Dungeon Overview and Level Annotations

Branches:
Dungeon (2/15)

Altars:

▒.▒ ▒.▒▒▒▒▒▒▒▒▒▒ ▒.▒
▒.▒
▒.▒▒▒▒▒▒▒▒▒.▒▒▒▒▒▒▒▒▒▒
▒.....................
▒▒▒▒▒▒..▒▒▒▒.▒.▒▒▒▒▒▒▒.
▒.........▒▒.▒.▒▒▒▒▒▒▒.
▒)▒▒▒▒..▒.▒▒.▒.▒....▒▒.
▒.▒ ▒..▒.▒▒.▒...▒▒.▒▒.
▒g▒▒▒▒M.▒.▒▒(▒▒▒▒▒▒.▒▒.
▒.▒.......▒▒........▒▒.
▒.▒▒.▒g.▒▒▒▒▒▒▒▒▒▒▒▒▒▒.
▒.▒▒...>.).............
▒.▒▒▒▒▒▒▒▒▒▒▒▒▒▒▒▒▒▒.▒.
▒...g.....▒ ▒.....▒▒.▒.
▒▒▒.▒.▒▒▒.▒▒▒▒....▒▒.▒.
▒.▒...........▒▒▒▒.▒.
▒.▒▒.▒...............


You could see a gnoll.


Message History

You start resting!
A gnoll is nearby!!!
A gnoll is nearby!!!
A gnoll is nearby!!!
You see here a quokka corpse!
You start resting!
HP restored!
You see here a quokka corpse!
A gnoll is nearby!!!
A gnoll is nearby!!!
You see here a quokka corpse!
The gnoll shouts!!!
You see here a quokka corpse!
There is a stone staircase leading up here!
You see here a stone!
You climb upwards!
The gnoll misses you!
There is a stone staircase leading down here!
You closely miss the gnoll! The gnoll hits you but does no damage!
You pummel the gnoll but do no damage! The gnoll hits you with a spear!
You barely miss the gnoll! The gnoll hits you with a spear!
You barely miss the gnoll! The gnoll barely misses you!
You squash the gnoll but do no damage!
The gnoll hits you with a spear!!! * * * don't die
* * * You pummel the gnoll but do no damage!
The gnoll hits you with a spear!!! * * * don't die
* * * You squash the gnoll but do no damage!
The gnoll misses you! The gnoll misses you!
The gnoll hits you but does no damage!
The gnoll hits you from afar with a spear!!! rip

Action                   || total
-------------------------++-------
Melee: Unarmed           ||   119
 Stab: Sleeping          ||     2
       Distracted        ||     1

Vault maps used:
D:1:      dpeg_arrival_tiny_j
D:2:      uniq_terence

Notes
Turn   | Place    | Note
--------------------------------------------------------------
     0 | D:1      | GrosslyIncandescent the Mummy Monk began the quest for the Orb.
     0 | D:1      | Reached XP level 1. HP: 18/18 MP: 1/1
   498 | D:1      | Reached XP level 2. HP: 22/24 MP: 2/2
  1333 | D:1      | Reached skill level 4 in Unarmed Combat
  1441 | D:2      | Reached XP level 3. HP: 21/29 MP: 3/3
  1862 | D:1      | Slain by a gnoll

Vanquished Creatures
  A worm (D:2)
  3 giant geckos (D:1)
  A bat (D:2)
  3 giant cockroaches (D:1)
  7 goblins
  3 hobgoblins (D:1)
  2 quokkas (D:2)
  2 giant newts (D:1)
  2 kobolds
  A rat (D:1)
25 creatures vanquished.
